 Dungeon Crawl Stone Soup version 0.21-a0-2-ge494091 (webtiles) character file.

114 mcbry the Shooter (level 4, -3/38 HPs)
             Began as a Centaur Hunter on May 22, 2017.
             Slain by an adder (4 damage)
             ... on level 2 of the Dungeon.
             The game lasted 00:06:57 (1203 turns).

mcbry the Shooter (Centaur Hunter)                  Turns: 1203, Time: 00:06:58

Health: -3/38      AC:  4    Str: 14    XL:     4   Next: 66%
Magic:  4/4        EV:  9    Int: 10    God:
Gold:   85         SH:  0    Dex: 11    Spells: 3/3 levels left

rFire    . . .     SeeInvis +   b - +0 short sword
rCold    . . .     Gourm    .   (no shield)
rNeg     . . .     Faith    .   c - +0 leather armour
rPois    .         Spirit   .   (no helmet)
rElec    .         Reflect  .   (no cloak)
rCorr    .         Harm     .   (no gloves)
MR       .....     Rnd*Tele +   (no barding)
Stlth    +.........             (no amulet)
Regen    0.2/turn               e - ring of see invisible
MPRegen  0.1/turn               m - ring of teleportation

@: lethally poisoned (-3 -> -5), very quick
A: hooves 3, deformed body, speed 2, tough skin 3
a: no special abilities


You were on level 2 of the Dungeon.
You were not hungry.

You visited 1 branch of the dungeon, and saw 2 of its levels.

You collected 85 gold pieces.

Inventory:

Hand Weapons
 a - a +1 shortbow
 b - a +0 short sword (weapon)
 d - a -2 dagger
Missiles
 o - 2 arrows
Armour
 c - a +0 leather armour (worn)
Jewellery
 e - a ring of see invisible (left hand)
 g - an uncursed amulet of harm {unknown}
 m - a ring of teleportation (right hand)
Potions
 k - a potion of curing {unknown}
 l - a potion of might {unknown}
Comestibles
 f - 3 bread rations


   Skills:
 + Level 3.1 Fighting
 * Level 7.3 Bows
 - Level 1.3 Dodging
 - Level 0.4 Stealth


You had 3 spell levels left.
You didn't know any spells.

Dungeon Overview and Level Annotations

Branches:
Dungeon (2/15)

Altars:


Innate Abilities, Weirdness & Mutations

You have hooves in place of feet.
Armour fits poorly on your strangely shaped body.
You cover ground very quickly.
You have extremely tough skin. (AC +3)


Message History

The adder barely misses you.
Wield which item (- for none, * to show all)? (? for menu, Esc to quit)
b - a +0 short sword (weapon)
The jackal completely misses you.
You closely miss the adder. You kick the adder, but do no damage.
The adder barely misses you. The jackal barely misses you.
The adder bites you but does no damage.
The jackal bites you but does no damage.
You closely miss the adder. You kick the adder, but do no damage.
You feel sick. The adder bites you but does no damage.
The jackal bites you but does no damage.
You hit the adder. Your kick misses the adder.
The adder is heavily wounded.
The jackal bites you but does no damage.
The adder bites you.
* * * LOW HITPOINT WARNING * * *
The jackal bites you.
* * * LOW HITPOINT WARNING * * *
The adder bites you.
You die...

*,,,**,*##.......## *#..###(.,
****,,,,,.##.........####...#.#*,
,,,,,,,,,..'.........†.).)...#**,
*****,,,*###.........####....# *,
*,,** ##.......## #..#.# *,
****,**** ##....§## #.##.# *,
*,,,,,,,****##§g§## #.##.#**.
*,**,**,**<**##S## #.##.##..
*,**,**,*,,,* #@# #......%.
*,**,,*,*,*,* #h###########.####
*,***,*,*,,,*##h#..S...# #)# *,*
*,*,**,+##.h).####.# #.#
*,***,*****#...hh.# #S# #.#
*,,,,**,,,*#....†.####.# #.#
******>,*,,+.♣.......#.####.#
**,,,*#....#.##...S..g.#
*****#.##.#.####.######


You could see an adder, 2 jackals and a hobgoblin.

Vanquished Creatures
  Robin (D:2)
  2 adders (D:2)
  4 gnolls (D:2)
  2 giant cockroaches
  14 goblins
  5 hobgoblins
  4 jackals (D:2)
  2 kobolds (D:1)
  A quokka (D:2)
  2 bats (D:1)
  4 frilled lizards
  4 rats
45 creatures vanquished.

Notes
Turn   | Place    | Note
-------+----------+-------------------------------------------
     0 | D:1      | mcbry the Centaur Hunter began the quest for the Orb.
     0 | D:1      | Reached XP level 1. HP: 17/17 MP: 1/1
   157 | D:1      | Reached XP level 2. HP: 21/24 MP: 2/2
   395 | D:1      | Reached skill level 6 in Bows
   662 | D:2      | Reached XP level 3. HP: 30/30 MP: 3/3
   686 | D:2      | Reached XP level 4. HP: 28/38 MP: 4/4
   852 | D:2      | Reached skill level 7 in Bows
  1005 | D:2      | Noticed Robin
  1070 | D:2      | Killed Robin
  1203 | D:2      | HP: 1/38 [jackal (3)]
  1203 | D:2      | Slain by an adder

Vault maps used:
D:1:      zelgadis_glass_arrival_small
D:2:      first_bread, grunt_ministairs_4, uniq_sigmund, uniq_robin

Skill      XL: |  1  2  3  4 |
---------------+-------------+-----
Bows           | 6 7 |  7.3
Fighting       | 3 |  3.1
Dodging        | |  1.3
Stealth        | |  0.4

Action                   |  1- 3 |  4- 6 || total
-------------------------+-------+-------++-------
Melee: Short sword       |     4 |     9 ||    13
       Dagger            |       |    16 ||    16
       Kick              |       |     6 ||     6
 Fire: Shortbow          |    72 |    30 ||   102
  Use: Scroll            |       |     4 ||     4
Armor: Leather armour    |     4 |    22 ||    26
Dodge: Dodged            |     6 |    28 ||    34
